 Dungeon Crawl Stone Soup version 0.19.0-19-g8c6edcc (webtiles) character file.

2758 lorenzova the Fighter (level 9, -10/85 HPs)
             Began as a Minotaur Berserker on Nov 12, 2016.
             Was an Elder of Trog.
             Mangled by a large abomination (30 damage)
             ... on level 1 of the Abyss.
             The game lasted 00:11:33 (7418 turns).

lorenzova the Fighter (Minotaur Berserker)          Turns: 7418, Time: 00:11:34

Health: -10/85     AC:  9    Str: 26    XL:     9   Next: 41%
Magic:  17/17      EV: 11    Int:  4    God:    Trog [****..]
Gold:   388        SH:  9    Dex: 11    Spells: 0 memorised, 8 levels left

rFire  + . .     SeeInvis .     a - +0 hand axe
rCold  . . .     Gourm    +     n - +0 scale mail
rNeg   . . .     Faith    .     g - +1 shield {rF+}
rPois  .         Spirit   .     (helmet restricted)
rElec  .         Reflect  .     (no cloak)
rCorr  .         Harm     .     q - +0 pair of gloves
MR     ++...                    (no boots)
Stlth  ..........               l - amulet of the gourmand
                                G - ring of magical power
                                k - ring of flight

@: exhausted, regenerating, slowed, drained, very slow
A: retaliatory headbutt, horns 2, slow regeneration 1, strong 1
a: Berserk, Trog's Hand, Brothers in Arms, Burn Spellbooks, Renounce Religion,
Evoke Flight


You were on level 1 of the Abyss.
You worshipped Trog.
Trog was greatly pleased with you.
You were not hungry.

You visited 1 branch of the dungeon, and saw 8 of its levels.
You visited the Abyss 1 time.

You collected 388 gold pieces.

Inventory:

Hand Weapons
 a - a +0 hand axe (weapon)
Armour
 b - a +0 animal skin
 g - a +1 shield of fire resistance (worn)
 n - a +0 scale mail (worn)
 q - a +0 pair of gloves (worn)
 J - +0 steam dragon scales
Jewellery
 k - a ring of flight (left hand)
 l - an amulet of the gourmand (around neck)
 G - a ring of magical power (right hand)
Wands
 x - a wand of paralysis (12/24)
 F - a wand of random effects (9/48)
 H - a wand of flame (8/48)
 M - a wand of lightning (9/15)
Scrolls
 e - a scroll of magic mapping {unknown}
 j - 3 scrolls of amnesia
 m - 4 scrolls of remove curse
 o - 7 scrolls of identify
 p - a scroll of noise {unknown}
 u - a scroll of recharging {unknown}
 y - a scroll of enchant armour {unknown}
 C - 2 scrolls of random uselessness {unknown}
 I - a scroll of fear {unknown}
Potions
 d - 3 potions of brilliance
 i - a potion of cure mutation {unknown}
 r - a potion of ambrosia {unknown}
 s - a potion of cancellation
 t - a potion of haste {unknown}
 v - a potion of resistance {unknown}
 w - 2 potions of flight {unknown}
 z - a potion of degeneration {unknown}
 D - a potion of magic {unknown}
 E - 3 potions of berserk rage {unknown}
Comestibles
 c - 7 bread rations
 f - a beef jerky
 h - 2 slices of pizza
 A - 2 meat rations
 B - 8 fruits
 L - a chunk of flesh


   Skills:
 + Level 9.7(9.4) Fighting
 - Level 3.6(3.3) Axes
 + Level 9.4(9.0) Armour
 + Level 8.3(8.0) Dodging


You had 8 spell levels left.
You didn't know any spells.

Dungeon Overview and Level Annotations

Branches:
Dungeon (8/15)             Temple (0/1) D:7
   Lair: D:8-11

Altars:
Ashenzari
Cheibriados
Dithmenos
Fedhas
Kikubaaqudgha
Sif Muna

Shops:
D:4 [   D:6 *

Annotations:
D:8 Psyche


Innate Abilities, Weirdness & Mutations

You reflexively headbutt those who attack you in melee.
You have a pair of horns on your head.
You regenerate slowly when monsters are visible.
Your muscles are strong. (Str +2)


Message History

The chaos spawn barely misses you. The hungry ghost hits you.
The large abomination hits you.
* * * LOW HITPOINT WARNING * * *
The hungry ghost hits you. The large abomination hits you.
* * * LOW HITPOINT WARNING * * *
You're too exhausted to go berserk.
Okay, then.
Eat a chunk of flesh? (ye/n/q)
Okay, then.
Okay, then.
You feel much better. The large abomination hits you! x2
* * * LOW HITPOINT WARNING * * *
The hungry ghost barely misses you. You furiously retaliate!
You headbutt the hungry ghost.
Okay, then.
A raiju comes into view.
The raiju barks!
The large abomination hits you!!
You die...

.# ###.# .. . .
..#.##.##≈≈♣ #
####..h#....≈≈≈≈.#
.#.........#≈≈≈≈≈.#.
.....................
.....................
.....................
.....................
.(.....@.............
.......WX.......... .
..##....4.##..."..#.
..#.....#.....#.... .
.###...###...## .....
#.... #.(...# ....
................ ...
................. ..
.................. .


You could see a large abomination, a hungry ghost, a raiju and a chaos spawn.

Vanquished Creatures
  A smoke demon (Abyss:1)
  Grinder (D:5)
  A hippogriff (D:7)
  A hungry ghost (D:8)
  Eustachio (D:4)
  A water moccasin (D:6)
  An orc warrior (D:7)
  A small abomination (Abyss:1)
  3 ogres
  A centaur (D:7)
  2 phantoms
  A bullfrog (D:7)
  A scorpion (D:5)
  A howler monkey (D:4)
  A centaur skeleton (D:7)
  3 hounds
  3 jellies
  2 orc priests
  Terence (D:3)
  2 iguanas
  4 orc wizards
  5 worker ants
  A worker ant zombie (D:6)
  6 gnolls
  8 adders
  A shadow imp (D:6)
  An adder skeleton (D:7)
  4 worms
  11 dart slugs
  9 leopard geckos
  14 orcs
  A ball python (D:2)
  A bat zombie (D:2)
  2 giant cockroaches
  A goblin (D:3)
  6 hobgoblins
  9 jackals
  9 kobolds
  3 quokkas
  A ball python skeleton (D:4)
  6 bats
  4 frilled lizards
  4 rats
  3 rat zombies (D:2)
143 creatures vanquished.

Vanquished Creatures (others)
  A human (D:6)
  A bullfrog (D:7)
2 creatures vanquished.

Grand Total: 145 creatures vanquished

Notes
Turn   | Place    | Note
-------+----------+-------------------------------------------
     0 | D:1      | lorenzova the Minotaur Berserker began the quest for the Orb.
     0 | D:1      | Reached XP level 1. HP: 19/19 MP: 0/0
   366 | D:1      | Reached XP level 2. HP: 21/27 MP: 1/1
   882 | D:2      | Reached XP level 3. HP: 33/33 MP: 2/2
  1245 | D:2      | Reached ** piety under Trog
  1375 | D:2      | Found an ancient bone altar of Kikubaaqudgha.
  1632 | D:3      | Found a faded altar of an unknown god.
  1639 | D:3      | Reached XP level 4. HP: 41/41 MP: 3/3
  1908 | D:3      | Found a shattered altar of Ashenzari.
  1912 | D:3      | Noticed Terence
  1926 | D:3      | Killed Terence
  1926 | D:3      | Reached skill level 5 in Fighting
  1926 | D:3      | Reached XP level 5. HP: 38/48 MP: 4/4
  2070 | D:4      | Gained mutation: Your muscles are strong. (Str +2) [potion of mutation]
  2070 | D:4      | Gained mutation: You regenerate slowly when monsters are visible. [potion of mutation]
  2070 | D:4      | HP: 2/48 [poisoned by a worker ant]
  2382 | D:4      | Noticed an ogre
  2387 | D:4      | Killed an ogre
  2387 | D:4      | Reached XP level 6. HP: 18/57 MP: 5/5
  2680 | D:4      | Found Pemeoh's Armour Emporium.
  3042 | D:4      | Reached skill level 5 in Armour
  3244 | D:4      | Noticed Eustachio
  3252 | D:4      | Killed Eustachio
  3408 | D:4      | Reached skill level 5 in Dodging
  3418 | D:4      | Reached XP level 7. HP: 59/64 MP: 6/6
  3565 | D:5      | Entered Level 5 of the Dungeon
  3565 | D:5      | Noticed Grinder
  3670 | D:5      | Paralysed by Grinder for 4 turns
  3688 | D:5      | Killed Grinder
  3716 | D:5      | Found a blossoming altar of Fedhas.
  3716 | D:5      | Found a snail-covered altar of Cheibriados.
  3765 | D:5      | Found a shadowy altar of Dithmenos.
  3801 | D:5      | Reached *** piety under Trog
  4474 | D:6      | Found Rarchum's General Store.
  4545 | D:6      | Reached XP level 8. HP: 48/73 MP: 7/7
  5106 | D:6      | Found an ancient bone altar of Kikubaaqudgha.
  5262 | D:6      | Found a deep blue altar of Sif Muna.
  6552 | D:7      | Noticed a hippogriff
  6572 | D:7      | Killed a hippogriff
  6846 | D:7      | Reached XP level 9. HP: 63/83 MP: 8/8
  6850 | D:7      | Reached **** piety under Trog
  6962 | D:7      | Found a staircase to the Ecumenical Temple.
  7278 | D:8      | Noticed Psyche
  7289 | D:8      | Cast into level 1 of the Abyss (Psyche)
  7341 | Abyss:1  | Noticed a smoke demon
  7394 | Abyss:1  | Noticed a smoke demon
  7402 | Abyss:1  | Killed a smoke demon
  7403 | Abyss:1  | Noticed a large abomination
  7418 | Abyss:1  | Mangled by a large abomination

Skill      XL: |  1  2  3  4  5  6  7  8  9 |
---------------+----------------------------+-----
Armour         | 3 4 5 6 8 9 |  9.4
Fighting       | 4 5 6 7 9 |  9.7
Dodging        | 3 4 5 6 7 8 |  8.3
Axes           | |  3.6

Action                   |  1- 3 |  4- 6 |  7- 9 || total
-------------------------+-------+-------+-------++-------
Melee: Hand axe          |    89 |   112 |   275 ||   476
       Headbutt          |    13 |    24 |    70 ||   107
Invok: Berserk           |       |     1 |     1 ||     2
       Trog's Hand       |       |       |     1 ||     1
  Use: Potion            |       |     6 |     2 ||     8
       Scroll            |       |     4 |       ||     4
  Eat: Chunk             |     2 |     9 |    25 ||    36
Armor: Animal skin       |    12 |       |       ||    12
       Scale mail        |     9 |    50 |    85 ||   144
       Skin              |       |     5 |       ||     5
Dodge: Dodged            |    40 |    37 |   139 ||   216
Block: Shield            |    36 |    55 |   110 ||   201
